 Dungeon Crawl Stone Soup version 0.31-a0-198-g2ad674f65e (webtiles) character file.

Game seed: 8658102752530362694

14 qw the Shooter (level 2, -4/16 HPs)
             Began as a Deep Elf Hunter on June 25, 2023.
             Slain by a chaos spawn (7 damage)
             ... on level 1 of the Abyss.
             The game lasted 00:00:15 (370 turns).

qw the Shooter (Deep Elf Hunter)                     Turns: 370, Time: 00:00:15

Health: -4/16      AC:  3    Str:  8    XL:     2   Next: 31%
Magic:  0/4        EV: 12    Int: 13    God:
Gold:   63         SH:  0    Dex: 18    Spells: 1/1 levels left

rFire   . . .        a - +0 shortbow
rCold   . . .        (shield currently unavailable)
rNeg    . . .        c - +0 leather armour
rPois   .            (no helmet)
rElec   .            (no cloak)
rCorr   .            (no gloves)
SInv    .            (no boots)
Will    .....        (no amulet)
Stlth   ++           (no ring)
HPRegen 0.22/turn    (no ring)
MPRegen 0.09/turn

%: no passive effects
@: no status effects
A: no striking features
a: no special abilities


You were on level 1 of the Abyss.
You visited 1 branch of the dungeon, and saw 1 of its levels.
You visited the Abyss 1 time.

You collected 63 gold pieces.


   Skills:
 - Level 1.5 Fighting
 + Level 6.1 Ranged Weapons
 - Level 2.4 Dodging
 - Level 1.2 Stealth


You had one spell level left.
You didn't know any spells.
Your spell library was empty.

Inventory:

Hand Weapons
 a - a +0 shortbow (weapon)
Armour
 c - a +0 leather armour (worn)
Jewellery
 d - a +6 ring of dexterity
 g - a ring of fire
Scrolls
 b - a scroll of butterflies
 e - 2 scrolls of poison {unknown}
 k - a scroll of blinking {unknown}
Potions
 f - a potion of lignification {unknown}
 h - a potion of cancellation {unknown}
 i - 2 potions of haste {unknown}
 j - a potion of curing {unknown}

Dungeon Overview and Level Annotations

Branches:
Dungeon (1/15)

Altars:


Message History

The kobold hits you with a +3 dagger of distortion.
You are cast into the Abyss!
To return, you must find a gate leading back.
Killing monsters will force the Abyss to allow you passage.
This branch contains the abyssal rune of Zot.
Waypoint 1 assigned to Abyss:1.
You start resting.
HP restored.
There is an open door here.
A chaos spawn comes into view.
Enter note: You shoot an arrow.
The arrow closely misses the chaos spawn.
The chaos spawn bleats!
You shoot an arrow. The arrow misses the chaos spawn.
You shoot an arrow.
The arrow barely misses the chaos spawn.
You shoot an arrow.
The arrow hits the chaos spawn but does no damage.
You shoot an arrow. The arrow hits the chaos spawn!
The chaos spawn is moderately wounded.
You shoot an arrow.
The arrow closely misses the chaos spawn.
The chaos spawn hits you.
You feel your power leaking away.
You shoot an arrow.
The arrow barely misses the chaos spawn.
The chaos spawn barely misses you. The chaos spawn gores you!
Ouch! That really hurt!
You feel your power leaking away.
You shoot an arrow.
The arrow closely misses the chaos spawn.
The chaos spawn misses you.
You shoot an arrow.
The arrow closely misses the chaos spawn.
The chaos spawn hits you but does no damage.
You shoot an arrow. The arrow hits the chaos spawn.
The chaos spawn is moderately wounded.
The chaos spawn hits you!
You die...

#..# # ..#. #
##.# .# . . .
.#. ###..# .
#..#.#..
#.#..#. .. #..
. .#...#..#.#.#
..
#..#..####....#
##..##.#..# .#
#. ... #.#
#.##.## . #
#.@# .#.
##.4..# # #
.....# ##......
.#....## #
..##.. ##. #.#
.# .#


You could see a chaos spawn.

Vanquished Creatures
  3 endoplasms (D:1)
  A giant cockroach (D:1)
  A hobgoblin (D:1)
  2 kobolds (D:1)
  2 ball pythons (D:1)
  3 bats (D:1)
  A frilled lizard (D:1)
13 creatures vanquished.

Notes
Turn   | Place    | Note
-------+----------+-------------------------------------------
     0 | D:1      | qw the Deep Elf Hunter began the quest for the Orb.
     0 | D:1      | Reached XP level 1. HP: 12/12 MP: 3/3
     0 | D:1      | 0 ||| qw: Version: 0.3-a-22-g0ed2b0b
     0 | D:1      | 0 ||| qw: Game counter: 5275
     0 | D:1      | 0 ||| qw: Melee chars always use a shield: true
     0 | D:1      | 0 ||| qw: God list: Okawaru
     0 | D:1      | 0 ||| qw: Allow faded altars: false
     0 | D:1      | 0 ||| qw: Do Orc after clearing Dungeon:15 true
     0 | D:1      | 0 ||| qw: Do second Lair branch before Depths: true
     0 | D:1      | 0 ||| qw: Lair rune preference: random
     0 | D:1      | 0 ||| qw: Goals: Normal
     0 | D:1      | 0 ||| PLANNING D:1-11
    29 | D:1      | 29 ||| FLEEEEING.
    30 | D:1      | 30 ||| FLEEEEING.
    31 | D:1      | 31 ||| FLEEEEING.
   259 | D:1      | Reached XP level 2. HP: 16/16 MP: 4/4
   271 | D:1      | Reached skill level 6 in Ranged Weapons
   321 | D:1      | 321 ||| FLEEEEING.
   322 | D:1      | 322 ||| FLEEEEING.
   323 | D:1      | 323 ||| FLEEEEING.
   324 | D:1      | 324 ||| FLEEEEING.
   325 | D:1      | 325 ||| FLEEEEING.
   326 | D:1      | 326 ||| FLEEEEING.
   329 | Abyss:1  | Cast into level 1 of the Abyss (kobold)
   360 | Abyss:1  | Noticed a chaos spawn
   367 | Abyss:1  | HP: 2/16 [chaos spawn (11)]
   370 | Abyss:1  | Slain by a chaos spawn

Levels and vault maps discovered:
D:1:      minmay_arrival_four_loops, layout_basic,
          chequers_serial_rivers_micro_e, hex_intersection,
          kennysheep_crisscross, minivault_25
Abyss:1:  base:
Temple

Skill      XL: |  1  2 |
---------------+-------+-----
Ranged Weapons | 6 |  6.1
Fighting       | |  1.5
Dodging        | |  2.4
Stealth        | |  1.2

Action                     || total
---------------------------++-------
   Fire: Shortbow          ||    61
 Armour: Leather armour    ||     3
  Dodge: Dodged            ||    22

Table legend:
 A = Non-vault XP
 B = Vault XP
 C = Vault XP percentage of total XP
 D = Non-vault monster count
 E = Vault monster count
 F = Vault count percentage of total count
                 A         B        C        D         E       F
            +---------+---------+-------+---------+---------+-------
      Total |      21 |       0 |   0.0 |      13 |       0 |   0.0
            +---------+---------+-------+---------+---------+-------
        D:1 |      21 |       0 |   0.0 |      13 |       0 |   0.0
            +---------+---------+-------+---------+---------+-------
